 Dungeon Crawl Stone Soup version 0.27-a0-1228-gfd60fd639a (webtiles) character file.

Game seed: 856751682342841767

293156 robertstho the Warrior (level 20, -2/195 HPs)
             Began as a Yellow Draconian Berserker on June 4, 2021.
             Was a High Priest of Trog.
             Slain by Mennas
             ... wielding a +5 eudemon blade of holy wrath
              (14 damage)
             ... on level 2 of the Vaults on June 7, 2021.
             The game lasted 01:36:44 (47885 turns).

robertstho the Warrior (DrBe)                      Turns: 47885, Time: 01:36:45

Health: -2/195     AC: 19    Str: 30    XL:     20   Next: 0%
Magic:  20/20      EV: 23    Int: 14    God:    Trog [*****.]
Gold:   983        SH: 26    Dex: 11    Spells: 19/19 levels left

rFire    . . .     SeeInvis +   P - +9 demon blade (vorpal)
rCold    + . .     Faith    .   r - +6 kite shield "Faed" {Int+4 SInv}
rNeg     . . .     Spirit   .   (armour unavailable)
rPois    .         Reflect  +   A - +2 hat
rElec    +         Harm     .   f - +2 cloak {Will+}
rCorr    +         Rampage  .   F - +0 pair of gloves of the Cooper {Str+2 Int+2}
Will     ++...                  e - +2 pair of boots
Stlth    ++........             a - amulet of reflection
HPRegen  0.42/turn              N - ring "Xomoz" {rElec rC+}
MPRegen  0.17/turn              J - +4 ring of evasion

@: short of breath, on berserk cooldown, hasted and slowed, glowing, silenced
A: spit acid, AC +10, unfitting armour, acidic bite, cold-blooded, acid
resistance
}: 2/15 runes: serpentine, barnacled
a: Breathe Acid, Renounce Religion


You were on level 2 of the Vaults.
You worshipped Trog.
Trog was extremely pleased with you.
You visited 7 branches of the dungeon, and saw 34 of its levels.
You visited 1 bazaar.
You also visited: Ossuary and Ice Cave.

You collected 5257 gold pieces.
You spent 4274 gold pieces at shops.

Inventory:

Hand Weapons
 O - a +5 long sword of flaming
 P - a +9 vorpal demon blade (weapon)
 Z - the +4 long sword of Hotaop {drain, rPois}
   (You found it on level 10 of the Dungeon)

   A truly terrible weapon, it drains the life of those it strikes.
   It protects you from poison.
Missiles
 s - 2 throwing nets
Armour
 e - a +2 pair of boots (worn)
 f - a +2 cloak of willpower (worn)
 r - the +6 kite shield "Faed" (worn) {Int+4 SInv}
   (You bought it in a shop on level 4 of the Snake Pit)

   It affects your intelligence (+4).
   It lets you see invisible.
 A - a +2 hat (worn)
 F - the +0 pair of gloves of the Cooper (worn) {Str+2 Int+2}
   (You acquired it on level 13 of the Dungeon)

   It affects your strength (+2).
   It affects your intelligence (+2).
Jewellery
 a - an amulet of reflection (around neck)
 c - a ring of willpower
 d - an amulet of regeneration
 m - a +4 ring of evasion
 x - a ring of protection from fire
 B - a ring of protection from fire
 D - the ring "Plog" {Will+ Int+6}
   (You took it off a naga on level 2 of the Snake Pit)

   [ring of intelligence]

   It affects your intelligence (+6).
   It increases your willpower.
 J - a +4 ring of evasion (right hand)
 K - a ring of see invisible
 L - a ring of poison resistance
 N - the ring "Xomoz" (left hand) {rElec rC+}
   (You found it in an ice cave)

   [ring of protection from cold]

   It protects you from cold.
   It insulates you from electricity.
 Q - a ring of positive energy
 W - an amulet of guardian spirit
Wands
 p - a wand of digging (7)
 q - a wand of iceblast (37)
 G - a wand of polymorph (9)
Scrolls
 h - 7 scrolls of magic mapping
 j - 10 scrolls of teleportation
 k - 4 scrolls of immolation
 o - 5 scrolls of vulnerability
 t - 4 scrolls of holy word
 y - 11 scrolls of fog
 H - 15 scrolls of identify
 I - 8 scrolls of enchant armour
 T - 2 scrolls of silence
Potions
 b - 8 potions of attraction
 g - 4 potions of mutation
 i - 2 potions of invisibility
 l - 16 potions of curing
 n - 7 potions of haste
 w - 2 potions of ambrosia
 z - 7 potions of might
 C - 4 potions of flight
 E - 2 potions of cancellation
 S - 5 potions of resistance
Miscellaneous
 u - a box of beasts
 R - a condenser vane (inert)


   Skills:
 * Level 20.4 Fighting
 + Level 15.8 Long Blades
 * Level 18.9 Dodging
 + Level 6.5 Stealth
 + Level 17.0 Shields
 + Level 0.7 Evocations


You had 19 spell levels left.
You didn't know any spells.
Your spell library was empty.

Dungeon Overview and Level Annotations

Branches:
Dungeon (15/15)            Temple (0/1) D:6            Lair (6/6) D:9
 Shoals (4/4) Lair:3        Snake (4/4) Lair:4        Slime (0/5) Lair:6
    Orc (2/2) D:10            Elf (1/3) Orc:2        Vaults (2/5) D:13
 Depths (0/5) D:15        Ossuary (visited)           IceCv (visited)
  Crypt: Vaults:2-3

Altars:
Fedhas
Makhleb
Qazlal
Sif Muna
Trog
Vehumet
Zin
Beogh
Jiyva

Shops:
D:2 [:**[   Orc:2 !:=(=   Elf:1 (   Shoals:2 ?   Shoals:4 [   Snake:1 ?
Snake:4 *!   Vaults:1 [=!*

Annotations:
D:15 1 runed translucent door
Vaults:2 Mennas


Innate Abilities, Weirdness & Mutations

You can spit globs of acid.
Your golden yellow scales are hard. (AC +10)
You cannot fit into any form of body armour.
You have acidic saliva.
You are cold-blooded and may be slowed by cold attacks.
You are resistant to acid. (rCorr)


Message History

Mennas is healed somewhat.
Your deep troll bites Mennas!!
Your deep troll claws Mennas!!
Your deep troll closely misses Mennas.
Mennas hits your deep troll with a +5 eudemon blade of holy wrath!!
Your deep troll dies!
Your deep troll's corpse disappears in a puff of smoke!
Unknown command.
Clouds of flame condense around you!
The condenser dries out!
Mennas gestures frantically.
Mennas is healed somewhat.
Mennas is engulfed in blazing flames.
Mennas gestures frantically.
Mennas is healed somewhat.
Unknown command.
Mennas is engulfed in blazing flames.
Mennas gestures frantically.
You easily resist.
Mennas is engulfed in blazing flames.
Mennas gestures frantically.
Mennas's surroundings become eerily quiet.
Found 9 arrows.
Mennas is engulfed in blazing flames.
Press: ? - help, Shift-Dir - straight line, f - Mennas
Aim: Mennas, wielding a +5 eudemon blade of holy wrath and wearing a +0 tower shield (silenced, severely wounded, radiating silence, haloed)
You spit a glob of acid.
Mennas blocks the glob of acid.
Mennas hits you with a +5 eudemon blade of holy wrath!
* * * LOW HITPOINT WARNING * * *
Mennas hits you with a +5 eudemon blade of holy wrath.
* * * LOW HITPOINT WARNING * * *
Okay, then.
Mennas hits you with a +5 eudemon blade of holy wrath!
* * * LOW HITPOINT WARNING * * *
You block Mennas's attack.
Okay, then.
You feel yourself speed up. You block Mennas's attack.
Mennas hits you with a +5 eudemon blade of holy wrath!
* * * LOW HITPOINT WARNING * * *
Mennas shakes his head sadly.
You block Mennas's attack. x2
Mennas hits you with a +5 eudemon blade of holy wrath!!
* * * LOW HITPOINT WARNING * * *
Mennas hits you with a +5 eudemon blade of holy wrath!
You die...

..#.......
..#....... #...#
..#....... +...#
..#....... #.(.#
..#....... #...#
..#....... #...#
..'....... #...#
..#....... #...#
..#....... #.@.#
..#############.A.#
###...............#
#.................#
#....########.....#
#....# #○§§..#
'....# #°§○..+
#....# #§☼§..#
#....# #.....#


You could see Mennas (silencing).

Vanquished Creatures
  Bai Suzhen (Shoals:4)
  The ghost of Fatomn Gasoa the Warrior, an adept HOHu of Okawaru (Shoals:3)
  A kraken (Shoals:2)
  Polyphemus (Shoals:2)
  Roxanne (Shoals:4)
  The ghost of Glennnyy the Warrior, an adept GrFi of Fedhas (Shoals:3)
  3 vault wardens (Vaults:1)
  2 very ugly things (D:15)
  6 ironbound preservers (Vaults:1)
  2 stone giants (Vaults:1)
  2 war gargoyles (Vaults:1)
  A deep elf demonologist (Elf:1)
  An entropy weaver (Vaults:1)
  A deep elf annihilator (Elf:1)
  5 dire elephants (Vaults:1)
  A crystal guardian (Vaults:1)
  Snorg (Lair:4)
  2 fire dragons
  2 merfolk javelineers
  Josephine (D:13)
  A yaktaur captain (Vaults:2)
  A great orb of eyes (D:15)
  6 merfolk impalers
  2 ironbound thunderhulks (Vaults:1)
  2 catoblepae
  5 salamander tyrants (Snake:4)
  2 peacekeepers (Vaults:1)
  8 vault guards
  2 ice dragons (IceCv)
  11 naga warriors
  3 ogre magi
  7 hydras
  3 ironbound frosthearts (Vaults:1)
  An alligator snapping turtle (Shoals:4)
  12 anacondas
  17 two-headed ogres
  2 merfolk aquamancers
  7 centaur warriors
  3 merfolk avatars
  7 dancing weapons (Elf:1)
  3 death yaks (Shoals:2)
  3 ironbound beastmasters (Vaults:1)
  2 tengu warriors (D:14)
  18 naga sharpshooters
  8 shock serpents
  3 orc high priests
  5 deep elf knights (Elf:1)
  11 salamander mystics
  7 skeletal warriors (D:14)
  2 swamp dragons (Lair:1)
  A flayed ghost (D:15)
  18 deep trolls
  11 sea snakes
  2 naga ritualists
  4 lindwurms
  A deep elf archer (Elf:1)
  A shadow dragon zombie (Vaults:1)
  5 ironbound convokers (Vaults:1)
  21 deep elf pyromancers
  24 harpies
  8 deep elf zephyrmancers
  10 mana vipers
  4 orc sorcerers
  2 wizards (D:13)
  5 necromancers
  11 manticores
  2 orc knights
  6 oklob plants
  11 fauns
  6 ugly things
  35 salamanders
  17 elephants
  19 black mambas
  5 cyclopes
  4 merfolk sirens
  A centaur zombie (D:10)
  A sphinx skeleton (Vaults:1)
  A vault sentinel (Vaults:1)
  7 water nymphs
  A black mamba (shapeshifter) (D:10)
  7 guardian serpents
  Maurice (D:9)
  2 ice statues (IceCv)
  A torpor snail (Lair:6)
  19 naga magi
  13 cane toads
  2 efreet
  9 rime drakes
  A kobold demonologist (D:11)
  5 yaktaurs (Vaults:1)
  12 komodo dragons
  A freezing wraith (D:15)
  A yaktaur (shapeshifter) (D:14)
  3 meliai (D:13)
  26 merfolk
  4 wind drakes (Shoals:4)
  A hornet (D:10)
  14 blink frogs
  9 trolls
  2 polar bears
  9 slime creatures
  A raiju (shapeshifter) (D:13)
  11 dream sheep
  A redback (Vaults:1)
  An air elemental (Elf:1)
  12 snapping turtles
  5 wraiths
  A shadow (D:13)
  10 water elementals
  A centaur simulacrum (D:14)
  A vampire (D:11)
  77 yaks
  A fire elemental (Elf:1)
  4 basilisks
  5 wyverns
  A human (shapeshifter) (D:15)
  17 humans
  Grum (D:9)
  4 steam dragons
  7 vampire mosquitoes
  39 nagas
  5 wargs
  5 acid dragons
  14 water moccasins
  16 orc warriors
  14 ice beasts (IceCv)
  2 sky beasts
  A swamp drake (Lair:6)
  2 black bears
  9 wolves
  2 hornet zombies
  A necrophage (D:6)
  A tengu (shapeshifter) (D:15)
  9 ogres
  7 centaurs
  A phantom (D:6)
  5 kobold brigands
  11 bullfrogs
  A wyvern zombie (D:7)
  A gnoll sergeant (D:8)
  A human simulacrum (Vaults:1)
  2 human skeletons (Vaults:1)
  A water moccasin zombie (D:6)
  A scorpion (D:5)
  A hornet simulacrum (D:15)
  16 killer bees
  5 howler monkeys
  2 electric eels
  A bullfrog zombie (D:7)
  3 lava snakes (Snake:3)
  7 hounds
  A gnoll shaman (D:7)
  4 jellies
  20 orc priests
  A bullfrog skeleton (D:6)
  6 hell rats (Lair:2)
  A scorpion zombie (D:5)
  5 iguanas
  29 orc wizards
  3 yak simulacra (Lair:6)
  2 killer bee zombies
  6 wolf simulacra (Lair:6)
  2 mummies (Ossuary)
  14 gnolls
  13 adders
  A shadow imp (D:5)
  3 white imps
  3 adder zombies (Ossuary)
  An adder skeleton (D:4)
  A worm (D:2)
  2 dart slugs
  73 orcs
  4 ball pythons
  10 endoplasms
  8 giant cockroaches
  4 goblins
  3 hobgoblins (D:2)
  11 jackals
  3 quokkas
  3 bats
  4 frilled lizards
  A gnoll zombie (Ossuary)
  8 hobgoblin zombies (Ossuary)
  23 kobolds
  5 kobold zombies (Ossuary)
  5 orc zombies (Ossuary)
  7 rats
  2 river rat simulacra (Lair:6)
  4 tentacles (Shoals:2)
1229 creatures vanquished.

Vanquished Creatures (collateral kills)
  Rupert (Orc:2)
  The ghost of Yamstis the Nimble, an adept GnMo of Makhleb (D:15)
  2 merfolk javelineers (Shoals:4)
  3 hydras
  A salamander tyrant (Snake:4)
  3 naga warriors (Snake:1)
  2 merfolk avatars (Shoals:4)
  3 merfolk aquamancers (Shoals:4)
  2 two-headed ogres (Orc:2)
  A catoblepas (Lair:6)
  An anaconda (Snake:4)
  3 naga sharpshooters (Snake:1)
  A skeletal warrior (D:15)
  A salamander mystic (Snake:4)
  A harpy (shapeshifter) (D:15)
  2 swamp dragons
  2 lindwurms
  A harpy (Shoals:4)
  A necromancer (D:15)
  The ghost of siradein the Magician, a novice DjWz of Makhleb (D:6)
  A salamander (Snake:4)
  2 cyclopes (Orc:2)
  A manticore (Lair:6)
  2 elephants (Lair:4)
  3 merfolk sirens (Shoals:4)
  2 guardian serpents
  2 black mambas
  A naga mage (Snake:1)
  3 cane toads
  2 torpor snails
  3 komodo dragons
  A polar bear (Lair:4)
  A troll (Orc:2)
  4 merfolk (Shoals:4)
  2 snapping turtles (Shoals:4)
  A wraith (D:15)
  2 yaks (Lair:2)
  A vampire (D:15)
  3 nagas (Snake:1)
  A warg (Orc:2)
  2 water moccasins
  A swamp drake (Lair:6)
  2 orc warriors
  11 ogres (Orc:2)
  5 wolves (Lair:6)
  A bullfrog (Lair:3)
  2 orc priests
  An orc wizard (Orc:2)
  4 orcs
100 creatures vanquished.

Vanquished Creatures (others)
  A lich (D:15)
  A deep elf zephyrmancer (Elf:1)
  A naga mage (Snake:4)
  A water nymph (Shoals:4)
  An orc priest (Elf:1)
  An iguana (Lair:6)
  An orc (Orc:2)
  A kobold (D:9)
  A fire vortex (D:11)
  51 fungi
  70 plants
  5 tentacles (Shoals:2)
135 creatures vanquished.

Grand Total: 1464 creatures vanquished

Notes
Turn   | Place    | Note
-------+----------+-------------------------------------------
     0 | D:1      | robertstho the Draconian Berserker began the quest for the
                  | Orb.
     0 | D:1      | Reached XP level 1. HP: 19/19 MP: 1/1
   342 | D:1      | Reached XP level 2. HP: 25/26 MP: 2/2
   559 | D:1      | You fall into a shaft and drop 1 floor!
   571 | D:2      | Found Arofoxi's Antique Armour Boutique.
   636 | D:2      | Reached ** piety under Trog
   637 | D:2      | Reached XP level 3. HP: 33/33 MP: 3/3
   852 | D:2      | Found Ecuuxtam's Antique Armour Boutique.
   914 | D:2      | Found Duaxtolio's Assorted Antiques.
   960 | D:2      | Found Bizoh's Assorted Antiques.
   961 | D:2      | Found Hama's Book Shoppe.
  1046 | D:2      | Found a faded altar of an unknown god.
  1504 | D:3      | Reached XP level 4. HP: 40/40 MP: 4/4
  1596 | D:3      | Reached skill level 4 in Fighting
  1679 | D:3      | Reached XP level 5. HP: 46/46 MP: 5/5
  1862 | D:3      | Noticed a black bear
  1875 | D:3      | Killed a black bear
  1876 | D:3      | Reached skill level 1 in Stealth
  2182 | D:4      | Reached *** piety under Trog
  2189 | D:4      | Reached XP level 6. HP: 53/53 MP: 6/6
  2407 | D:4      | Reached skill level 5 in Fighting
  2407 | D:4      | Reached skill level 5 in Long Blades
  2867 | D:5      | Entered Level 5 of the Dungeon
  2899 | D:5      | Your scales start taking on a golden yellow colour.
  2899 | D:5      | Reached XP level 7. HP: 61/61 MP: 7/7
  2899 | D:5      | Gained mutation: You are resistant to acid. (rCorr) [Yellow
                  | Draconian growth]
  2904 | D:5      | Reached skill level 5 in Dodging
  3337 | D:5      | Noticed a vampire mosquito
  3803 | D:2      | Bought a purple potion for 19 gold pieces
  3803 | D:2      | Bought a scroll labelled JEBENE HUCUVVOCO for 22 gold
                  | pieces
  3803 | D:2      | Bought a kite shield for 99 gold pieces
  3803 | D:2      | Bought 2 bubbling amethyst potions for 39 gold pieces
  3992 | D:6      | Reached XP level 8. HP: 70/70 MP: 8/8
  3997 | D:6      | Reached skill level 6 in Fighting
  4153 | D:6      | Reached skill level 1 in Shields
  4431 | D:6      | Reached **** piety under Trog
  4435 | D:6      | Found a staircase to the Ecumenical Temple.
  4636 | D:6      | Found a runed translucent gate.
  4636 | D:6      | Found a runed translucent gate.
  4637 | D:6      | Identified the +1 plate armour of Inevitability {Regen+
                  | Str+4}
  4638 | D:6      | Found a runed translucent gate.
  4639 | D:6      | Noticed siradein's ghost (novice DjWz)
  4792 | D:6      | Noticed a cyclops
  4808 | D:6      | Killed a cyclops
  4809 | D:6      | Reached XP level 9. HP: 55/78 MP: 9/9
  5054 | D:6      | Killed siradein's ghost
  5055 | D:6      | Reached skill level 7 in Fighting
  5200 | D:7      | Found a sand-covered staircase.
  5205 | Ossuary  | Entered an ossuary
  5585 | D:7      | Found a stormy altar of Qazlal.
  5586 | D:7      | Found a bloodstained altar of Trog.
  5587 | D:7      | Found a burning altar of Makhleb.
  5597 | D:7      | Found a glowing silver altar of Zin.
  5927 | D:2      | Bought an embroidered hat for 196 gold pieces
  6405 | D:8      | Reached ***** piety under Trog
  6477 | D:8      | Reached XP level 10. HP: 88/88 MP: 10/10
  6950 | D:9      | Noticed Grum
  6967 | D:9      | Reached skill level 8 in Fighting
  6984 | D:9      | Killed Grum
  7118 | D:9      | Reached skill level 5 in Shields
  7301 | D:9      | Found a staircase to the Lair.
  7381 | D:9      | Noticed Maurice
  7423 | Lair:1   | Entered Level 1 of the Lair of Beasts
  7532 | D:9      | Killed Maurice
  7713 | Lair:1   | Noticed a cane toad
  7732 | Lair:1   | Noticed a six-headed hydra
  7748 | Lair:1   | You fall into a shaft and drop 1 floor!
  7748 | Lair:2   | Noticed an eight-headed hydra
  7788 | Lair:1   | Killed a 14-headed hydra
  7904 | Lair:1   | Reached skill level 9 in Fighting
  7943 | Lair:1   | Reached XP level 11. HP: 97/97 MP: 11/11
  8028 | Lair:1   | Found a transporter.
  8291 | Lair:1   | Found a transporter.
  8296 | Lair:1   | Noticed a swamp dragon
  8296 | Lair:1   | Noticed a swamp dragon
  8296 | Lair:1   | Noticed a swamp dragon
  8354 | Lair:1   | Noticed an oklob plant
  8355 | Lair:1   | Noticed an oklob plant
  8380 | Lair:1   | Killed an oklob plant
  8387 | Lair:1   | Killed an oklob plant
  8388 | Lair:1   | Reached skill level 10 in Dodging
  8929 | Lair:2   | Reached skill level 10 in Long Blades
  9210 | Lair:2   | Killed an eight-headed hydra
  9366 | Lair:2   | You fall into a shaft and drop 1 floor!
  9553 | Lair:3   | Reached skill level 10 in Fighting
  9639 | Lair:3   | Reached XP level 12. HP: 87/106 MP: 12/12
  9718 | Lair:3   | Noticed a five-headed hydra
  9729 | Lair:3   | Killed a six-headed hydra
  9877 | Lair:3   | Found a blossoming altar of Fedhas.
 10032 | Lair:3   | Found a staircase to the Shoals.
 10617 | Lair:1   | Reached skill level 11 in Fighting
 11326 | Lair:4   | Noticed a seven-headed hydra
 11335 | Lair:4   | Killed a ten-headed hydra
 11482 | Lair:4   | Noticed Snorg
 11504 | Lair:4   | Killed Snorg
 11505 | Lair:4   | Reached XP level 13. HP: 116/116 MP: 13/13
 11594 | Lair:4   | Found a staircase to the Snake Pit.
 12569 | Lair:5   | Found a frozen archway.
 12692 | IceCv    | Entered an ice cave
 12788 | IceCv    | Reached skill level 12 in Fighting
 13217 | IceCv    | Identified the ring "Xomoz" {rElec rC+}
 13737 | Lair:6   | Entered Level 6 of the Lair of Beasts
 14162 | Lair:6   | Gained mutation: You have acidic saliva. [Yellow Draconian
                  | growth]
 14162 | Lair:6   | Reached XP level 14. HP: 127/127 MP: 14/14
 14539 | Lair:6   | Reached skill level 10 in Shields
 14934 | Lair:6   | Reached skill level 13 in Fighting
 15307 | Lair:6   | Found a staircase to the Slime Pits.
 16155 | D:10     | Entered Level 10 of the Dungeon
 16366 | D:10     | Reached skill level 5 in Stealth
 16366 | D:10     | Identified the +4 long sword of Hotaop {drain, rPois}
 16574 | D:10     | Found a staircase to the Orcish Mines.
 17530 | D:11     | Received a gift from Trog
 18385 | D:13     | Noticed Josephine
 18396 | D:13     | Killed Josephine
 18405 | D:13     | Reached XP level 15. HP: 136/136 MP: 15/15
 18456 | D:13     | Found a flickering gateway to a bazaar.
 18462 | Bazaar   | Entered a bazaar
 18462 | Bazaar   | Found Enur's Distillery.
 18462 | Bazaar   | Found Pist's Armour Shop.
 18480 | Bazaar   | Bought a potion of curing for 33 gold pieces
 18480 | Bazaar   | Bought a potion of haste for 110 gold pieces
 18480 | Bazaar   | Bought a potion of berserk rage for 55 gold pieces
 18480 | Bazaar   | Bought a potion of attraction for 33 gold pieces
 18480 | Bazaar   | Bought a potion of heal wounds for 55 gold pieces
 18480 | Bazaar   | Bought a potion of curing for 33 gold pieces
 18480 | Bazaar   | Bought a potion of mutation for 88 gold pieces
 18480 | Bazaar   | Bought a potion of degeneration for 11 gold pieces
 18504 | Bazaar   | Found Baca Sudo's Assorted Antiques.
 18512 | Bazaar   | Bought a scroll labelled XYVUOKK HOTEE for 30 gold pieces
 18512 | Bazaar   | Bought a scroll of identify for 60 gold pieces
 18516 | Bazaar   | Found Gempuedghudd's Jewellery Shop.
 19040 | D:13     | Found a gate to the Vaults.
 19409 | Orc:1    | Entered Level 1 of the Orcish Mines
 19614 | Orc:2    | Entered Level 2 of the Orcish Mines
 19625 | Orc:2    | Reached skill level 14 in Fighting
 19657 | Orc:2    | Received a gift from Trog
 19673 | Orc:2    | Found Gaagrian's Distillery.
 19769 | Orc:2    | Bought a potion of curing for 51 gold pieces
 19769 | Orc:2    | Bought a potion of curing for 51 gold pieces
 19769 | Orc:2    | Bought a potion of heal wounds for 85 gold pieces
 19851 | Orc:2    | Noticed Rupert
 19857 | Orc:2    | Killed Rupert
 19917 | Orc:2    | Found Imeapez's Book Emporium.
 19954 | Orc:2    | Reached skill level 15 in Dodging
 20068 | Orc:2    | Found Hesaut's Weapon Emporium.
 20069 | Orc:2    | Found Biaxouchid's Jewellery Boutique.
 20110 | Orc:2    | Found Ecazor's Jewellery Shoppe.
 20193 | Orc:2    | Found a staircase to the Elven Halls.
 20331 | Orc:1    | Lost intelligence.
 21121 | Orc:2    | Received a gift from Trog
 21141 | Orc:1    | Paralysed by an orc sorcerer for 4 turns
 21622 | Orc:1    | Found a shimmering blue altar of Sif Muna.
 21867 | D:14     | Identified 2 scrolls of acquirement
 21896 | D:13     | Acquired 863 gold pieces
 21902 | D:13     | Acquired the +0 pair of gloves of the Cooper {Str+2 Int+2}
 22583 | D:14     | Reached XP level 16. HP: 89/147 MP: 16/16
 22952 | D:15     | Entered Level 15 of the Dungeon
 22952 | D:15     | Found a viscous altar of Jiyva.
 22963 | D:15     | Reached ****** piety under Trog
 23101 | D:15     | Found Koal's General Store.
 23308 | D:15     | Found a runed translucent door.
 23315 | D:15     | Noticed a lich
 23368 | D:15     | Noticed Yamstis's ghost (adept GnMo)
 23371 | D:15     | Found a runed translucent door.
 23837 | D:15     | Reached skill level 15 in Fighting
 23894 | D:15     | Found a staircase to the Depths.
 24365 | D:15     | Killed a lich
 24509 | D:15     | Received a gift from Trog
 24977 | D:15     | Killed Yamstis's ghost
 25285 | Snake:1  | Entered Level 1 of the Snake Pit
 26299 | Snake:1  | Found Noaruefu's Magic Scroll Shop.
 26635 | Snake:1  | Bought a scroll of amnesia for 38 gold pieces
 26635 | Snake:1  | Bought 2 scrolls of teleportation for 66 gold pieces
 26635 | Snake:1  | Bought a scroll of identify for 22 gold pieces
 26635 | Snake:1  | Bought a scroll of teleportation for 33 gold pieces
 26635 | Snake:1  | Bought a scroll of enchant armour for 82 gold pieces
 26635 | Snake:1  | Bought a scroll of identify for 22 gold pieces
 26635 | Snake:1  | Bought a scroll of summoning for 104 gold pieces
 26635 | Snake:1  | Bought a scroll of brand weapon for 220 gold pieces
 26635 | Snake:1  | Bought a scroll of identify for 22 gold pieces
 26635 | Snake:1  | Bought a scroll of acquirement for 572 gold pieces
 26635 | Snake:1  | Bought a scroll of teleportation for 33 gold pieces
 26636 | Snake:1  | Acquired a manual of Fighting
 29062 | Snake:2  | Reached skill level 16 in Fighting
 29225 | Snake:2  | Identified the ring "Plog" {Will+ Int+6}
 29256 | Snake:2  | Reached XP level 17. HP: 103/158 MP: 17/17
 32321 | Snake:4  | Entered Level 4 of the Snake Pit
 32473 | Snake:4  | Found Osicsun's General Store.
 32501 | Snake:4  | Found Leacui's Distillery.
 32638 | Snake:4  | Bought 2 scrolls of teleportation for 102 gold pieces
 32638 | Snake:4  | Bought the +6 kite shield "Faed" {Int+4 SInv} for 919 gold
                  | pieces
 32638 | Snake:4  | Bought a scroll of identify for 34 gold pieces
 32638 | Snake:4  | Bought a scroll of teleportation for 51 gold pieces
 32638 | Snake:4  | Bought a scroll of enchant armour for 127 gold pieces
 32655 | Snake:4  | Bought a potion of heal wounds for 75 gold pieces
 32655 | Snake:4  | Bought a potion of curing for 45 gold pieces
 32655 | Snake:4  | Bought a potion of invisibility for 120 gold pieces
 32655 | Snake:4  | Bought a potion of heal wounds for 75 gold pieces
 32655 | Snake:4  | Bought a potion of brilliance for 60 gold pieces
 32655 | Snake:4  | Bought a potion of might for 60 gold pieces
 32688 | Snake:4  | Received a gift from Trog
 33635 | Snake:4  | Reached skill level 17 in Fighting
 34162 | Snake:4  | HP: 5/161 [salamander tyrant (16)]
 36413 | Snake:4  | Reached XP level 18. HP: 171/171 MP: 18/18
 36419 | Snake:4  | Got a serpentine rune of Zot
 36546 | Snake:3  | Upgraded the game from 0.27-a0-1202-ge72e49191c to
                  | 0.27-a0-1228-gfd60fd639a
 36649 | Shoals:1 | Entered Level 1 of the Shoals
 37044 | Shoals:1 | Reached skill level 15 in Shields
 37427 | Shoals:1 | Reached skill level 18 in Fighting
 38645 | Shoals:2 | Found Anoed's Magic Scroll Shoppe.
 38653 | Shoals:2 | Bought a scroll of teleportation for 48 gold pieces
 38653 | Shoals:2 | Bought a scroll of blinking for 120 gold pieces
 38672 | Shoals:2 | Received a gift from Trog
 39451 | Shoals:2 | Noticed Polyphemus
 39487 | Shoals:2 | Killed Polyphemus
 39950 | Shoals:3 | Reached skill level 15 in Long Blades
 40534 | Shoals:3 | Found a runed translucent gate.
 40535 | Shoals:3 | Found a runed translucent gate.
 40536 | Shoals:3 | Found a runed translucent gate.
 40537 | Shoals:3 | Noticed Glennnyy's ghost (adept GrFi)
 40537 | Shoals:3 | Noticed Fatomn Gasoa's ghost (adept HOHu)
 40848 | Shoals:3 | Killed Fatomn Gasoa's ghost
 40875 | Shoals:3 | Killed Glennnyy's ghost
 40883 | Shoals:3 | Identified the +6 ring mail of Vaklouna {rF+ Str+5}
 41128 | Shoals:4 | Entered Level 4 of the Shoals
 41167 | Shoals:4 | Found Miluwk's Armour Emporium.
 41237 | Shoals:4 | Noticed Bai Suzhen
 41255 | Shoals:4 | Killed Bai Suzhen
 41420 | Shoals:4 | Reached skill level 19 in Fighting
 41593 | Shoals:4 | Noticed Roxanne
 42350 | Shoals:4 | Reached XP level 19. HP: 33/183 MP: 19/19
 42715 | Shoals:4 | Got a barnacled rune of Zot
 42870 | Shoals:4 | Killed Roxanne
 43419 | Elf:1    | Entered Level 1 of the Elven Halls
 43442 | Elf:1    | Found a radiant altar of Vehumet.
 43682 | Elf:1    | Found Ohoiliqy's Antique Weapon Shoppe.
 44285 | Elf:1    | Received a gift from Trog
 44451 | Elf:1    | Noticed a Brimstone Fiend
 44454 | Elf:1    | Noticed a Brimstone Fiend
 45000 | Vaults:1 | Entered Level 1 of the Vaults
 45000 | Vaults:1 | Found Etyrgh's Jewellery Shop.
 45422 | Vaults:1 | Found Gen Noce's Antique Armour Shop.
 45480 | Vaults:1 | Found Enlaum's Distillery.
 45663 | Vaults:1 | Reached skill level 20 in Fighting
 45782 | Vaults:1 | Received a gift from Trog
 45897 | Vaults:1 | Found Ticolir's General Store.
 45904 | Vaults:1 | Bought a potion of curing for 42 gold pieces
 45904 | Vaults:1 | Bought a potion of invisibility for 112 gold pieces
 47796 | Vaults:2 | Reached XP level 20. HP: 195/195 MP: 20/20
 47841 | Vaults:2 | Noticed Mennas
 47885 | Vaults:2 | Slain by Mennas

Illustrated notes

Levels and vault maps discovered:
D:1:      dpeg_chamrin_arrival_tetris, layout_basic
D:2:      layout_loops_ring, serial_shops, nicolae_shop_overgrown_old_shop,
          shop, nicolae_shop_overgrown_old_shop, shop, nicolae_shop_waterfront,
          shapermc_ecumenical_altar_notcrosses, roderic_lattice_a,
          grunt_ministairs_2, kennysheep_donut, chequers_serial_rivers_micro_c
D:3:      cheibrodos_old_hovel, layout_loops_ring
D:4:      wad_pebble_path, layout_loops_ring
D:5:      layout_basic, chequers_jeans, grunt_ministairs_3,
          lightli_corner_chamber
D:6:      hangedman_cross_stitches, layout_basic,
          minmay_temple_entry_statues_fountains, biasface_ghost_orc_armoury,
          solitary_fountain, minmay_small_thing
D:7:      layout_rooms, nicolae_overflow_quartered_altars,
          nicolae_ossuary_entry_false_entrances
D:8:      layout_loops_cross
D:9:      layout_basic, dpeg_oklobed_lair, uniq_maurice, uniq_grum
D:10:     layout_roguey, orc_0_dummy, minmay_between
D:11:     layout_loops_ring, kennysheep_diamond
D:12:     layout_cave_pools
D:13:     layout_cave_pools, grunt_vaults_entry_tiered, serial_shops,
          bzr_entry_safe, billiards_dpeg, uniq_josephine
D:14:     layout_gridville
D:15:     gammafunk_enter_depths_forms, layout_loops_corners,
          muffindrake_ghost_dual_entry, serial_shops, shop, serial_bayou_pond_a,
          jiyva_altar_1
Lair:1:   gammafunk_cloud_chamber, layout_loops_ring, minmay_lair_oklob_chamber,
          grunt_megastairs_5
Lair:2:   layout_gridlike
Lair:3:   layout_roguey, minmay_shoals_entry_hut,
          eino_small_chamber_without_monster, hangedman_tree_tricks,
          lemuel_fruit_tree, grunt_megastairs_1
Lair:4:   layout_cave_pods, minmay_snake_entry_guardpost_small,
          beast_lair_carwin_8, infiniplex_staircase_pool, serial_bayou_shore_a,
          uniq_snorg
Lair:5:   layout_cave_shapes, portal_ice_cave_entry_pillars_1,
          lemuel_fruit_fields
Lair:6:   guppyfry_lair_end_dragon, layout_hall_layers,
          hangedman_lair_in_review, minmay_slime_entry_oklob_enclosed,
          eino_house_with_fridge
Shoals:1: layout_shoals
Shoals:2: layout_shoals, serial_shops, nicolae_shop_waterfront,
          nicolae_shoals_kraken_intersection, uniq_polyphemus
Shoals:3: layout_shoals, gammafunk_ghost_cemetery
Shoals:4: shoals_end_hangedman, layout_shoals, serial_shops, shop_statue,
          uniq_roxanne, uniq_bai_suzhen
Snake:1:  nicolae_snake_nest, layout_honeycomb, serial_shops,
          nicolae_shop_waterfront
Snake:2:  layout_rooms
Snake:3:  layout_chambers, nicolae_snake_salamander_zone
Snake:4:  snake_pit_salamanders_mu, layout_cave_town, minmay_shoptagon,
          serial_bayou_shore_b, serial_bayou_shore_b
Orc:1:    layout_caves, kennysheep_orc_sif_temple
Orc:2:    st_orc_open, layout_diamond_mine, guppyfry_orc_lava_fort, uniq_rupert
Elf:1:    eino_elf_arrival_altar, layout_geoelf_diagonals, serial_shops,
          nicolae_shop_stone, orc_legates
Vaults:1: v_misc_15, ontoclasm_vaults_ring_small,
          ontoclasm_vaults_decontamination, vaults_room_hallway,
          hangedman_vaults_slice, nicolae_vaults_little_squares_6, v_misc_12,
          hangedman_vaults_river_flow, serial_ice_b, hangedman_vaults_hat,
          hangedman_vaults_stretched_pinwheel, layout_vaults_omnigrid,
          serial_shops, shop, shop, nicolae_shop_trees, shop
Vaults:2: nicolae_vaults_shelves_hall, v_misc_32, vaults_dpeg_cross,
          ontoclasm_vaults_misaligned, ontoclasm_vaults_tryst, vaults_room_grid,
          ontoclasm_vaults_bender, v_misc_1,
          nicolae_vaults_windows_and_doors_thing,
          minmay_crypt_entry_simple_statues, nicolae_vaults_little_squares_4,
          vaults_room_door_hall, layout_vaults_omnibox, uniq_nikola, uniq_mennas

Skill      XL: |  1  2  3  4  5  6  7  8  9 10 11 12 13 14 15 16 17 18 19 |
---------------+----------------------------------------------------------+-----
Dodging        | 3 4 5 6 8 9 11 12 13 14 15 16 17 18 | 18.9
Fighting       | 4 5 6 7 9 10 11 12 13 14 16 17 19 20 | 20.4
Long Blades    | 4 5 6 7 8 9 10 11 12 13 14 15 | 15.8
Stealth        | 1 2 3 4 5 6 |  6.5
Shields        | 2 4 5 7 8 9 11 12 13 14 16 17 | 17.0
Evocations     | |  0.7

Action                   |  1- 3 |  4- 6 |  7- 9 | 10-12 | 13-15 | 16-18 | 19-21 || total
-------------------------+-------+-------+-------+-------+-------+-------+-------++-------
Melee: Falchion          |   108 |   154 |   430 |   231 |       |       |       ||   923
       Tailslap          |    11 |    30 |   100 |   289 |   393 |   373 |   101 ||  1297
       Long sword        |       |       |       |   643 |  1687 |  1670 |       ||  4000
       Bite              |       |       |       |       |   202 |   335 |    75 ||   612
       Demon blade       |       |       |       |       |       |   377 |   510 ||   887
Invok: Berserk           |     1 |     5 |     9 |    20 |    34 |    25 |     8 ||   102
       Brothers in Arms  |       |       |     1 |     8 |    11 |    16 |     2 ||    38
       Trog's Hand       |       |       |       |     6 |     3 |    12 |     1 ||    22
 Abil: Breathe Acid      |       |       |     3 |     4 |     1 |       |     1 ||     9
Evoke: Wand              |       |       |       |     4 |     6 |     3 |       ||    13
       Condenser vane    |       |       |       |       |       |       |     3 ||     3
       Box of beasts     |       |       |       |       |       |       |     2 ||     2
  Use: Scroll            |     2 |       |     6 |     7 |    12 |    24 |     2 ||    53
       Potion            |       |       |       |     5 |     4 |    12 |     4 ||    25
 Stab: Sleeping          |     1 |     3 |    10 |     4 |     8 |    14 |     4 ||    44
       Distracted        |       |       |       |       |       |     4 |     1 ||     5
       Petrifying        |       |       |       |       |       |     1 |       ||     1
Armor: Skin              |    44 |    47 |    81 |   264 |   439 |   321 |    60 ||  1256
Dodge: Dodged            |    69 |   132 |   339 |   820 |  1152 |   731 |   178 ||  3421
Block: Kite shield       |       |       |   191 |   627 |  1119 |  1709 |   474 ||  4120
       Reflection        |       |       |       |       |     4 |   237 |    22 ||   263
       Tower shield      |       |       |       |       |       |   617 |       ||   617
       Rpst.: Falchion   |    29 |    44 |    91 |    50 |       |       |       ||   214
       Long sword        |       |       |       |   127 |   282 |   104 |       ||   513
       Demon blade       |       |       |       |       |       |    20 |    30 ||    50

Table legend: (Time is in decaauts)
 A = Elapsed time spent in this place.
 B = Non-inter-level travel time spent in this place.
 C = Inter-level travel time spent in this place.
 D = Time resting spent in this place.
 E = Time spent auto-exploring this place.
 F = Levels seen in this place.
 G = Mean time per level.
                   A        B        C        D        E       F      G
               +--------+--------+--------+--------+--------+-----+--------+
         Total |  49155 |  45872 |   3283 |   7998 |  27509 |  37 | 1328.5 |
       Dungeon |  15356 |  13681 |   1675 |    753 |   9756 |  15 | 1023.7 |
          Lair |   7964 |   7357 |    607 |    817 |   3953 |   6 | 1327.3 |
        Shoals |   6289 |   6009 |    280 |   1421 |   3412 |   4 | 1572.2 |
     Snake Pit |  11252 |  10938 |    314 |   2983 |   6131 |   4 | 2813.0 |
  Orcish Mines |   3341 |   3081 |    260 |   1538 |    989 |   2 | 1670.5 |
   Elven Halls |   1120 |   1040 |     80 |      0 |    758 |   1 | 1120.0 |
        Vaults |   2790 |   2724 |     66 |    275 |   2101 |   2 | 1395.0 |
        Bazaar |     83 |     83 |      0 |      0 |     56 |   1 |   83.0 |
       Ossuary |    160 |    160 |      0 |      0 |     71 |   1 |  160.0 |
      Ice Cave |    795 |    795 |      0 |    209 |    280 |   1 |  795.0 |
               +--------+--------+--------+--------+--------+-----+--------+

Top non-repeatable levels by time:
 Snake:4: 4169 daAuts
 Snake:1: 3153 daAuts
Vaults:1: 2710 daAuts
 Snake:3: 2110 daAuts
    D:15: 2084 daAuts
   Orc:1: 1940 daAuts
Shoals:4: 1897 daAuts
 Snake:2: 1819 daAuts
Shoals:1: 1646 daAuts
  Lair:6: 1641 daAuts
  Lair:4: 1570 daAuts
Shoals:2: 1509 daAuts
  Lair:1: 1467 daAuts
  Lair:3: 1427 daAuts
   Orc:2: 1401 daAuts
